[Event "98th Caplin Hastings Masters 2024-25"]
[Site "Hastings"]
[Date "2025.01.02"]
[Round "8.1"]
[White "Xue, Haowen"]
[Black "Laurent-Paoli, Pierre"]
[Result "1-0"]
[ECO "D52"]
[WhiteElo "2502"]
[BlackElo "2559"]
[Annotator "TA"]
[PlyCount "89"]
[EventDate "2024.12.23"]
[EventType "swiss"]
[EventCountry "ENG"]
[SourceTitle "playchess.com"]
[Source "ChessBase"]
[SourceQuality "1"]
[TimeControl "5400+30"]

1. d4 Nf6 2. c4 e6 3. Nf3 d5 4. Nc3 c6 5. Bg5 Nbd7 6. e3 Qa5 7. cxd5 Nxd5 8. Rc1 Nxc3 9. bxc3 Ba3 10. Rc2 b6 11. Be2 Ba6 12. O-O Bxe2 13. Rxe2 O-O 14. Qc2 Rfe8 15. c4 Bf8 16. Rd1 Rac8 17. h3 h6 18. Bh4 Be7 19. Bg3 Bf6 20. Red2 Qb4 21. Rb1 Qa5 22. Rdd1 Qa3 (22... e5 $11) 23. Nd2 c5 24. Ne4 cxd4 25. Nd6 (25. Nxf6+ Nxf6 26. exd4 Qa6 $11) 25... e5 26. Nxe8 Rxe8 27. Qf5 ({White should play} 27. Qb3 $16 Qe7 28. exd4 exd4 29. Qb5) 27... Re6 28. exd4 exd4 29. Qd5 $36 {[%emt 0:00:00][%mdl 2048] White is more active.} Qa4 ({Better is} 29... Nf8 $14) 30. Re1 $18 Nc5 {[%emt 0:00:00] [#]} 31. Bd6 $1 Rxe1+ 32. Rxe1 Ne6 33. f4 Qxa2 $2 (33... d3 $16 {was worth a try.} 34. Qxd3 Qxa2) 34. f5 Qd2 35. Bg3 (35. Re4 $142 Ng5 36. Re8+ Kh7 37. Kh2) 35... Nf4 $2 (35... Nd8 {is tougher.} 36. Re8+ Kh7) 36. Qf3 {[%emt 0:01:23] Re8+ is the strong threat.} ({Not} 36. Re8+ Kh7 37. Qf3 (37. Qxf7 $2 Qxg2#) 37... Nxh3+ 38. gxh3 Qc1+ 39. Be1 Be7 $18) 36... Bg5 (36... Nxh3+ $142 37. gxh3 Kh7) 37. h4 Nxg2 38. Re8+ Kh7 39. hxg5 Ne3 {[%emt 0:00:27] [#]} 40. g6+ $1 fxg6 41. fxg6+ Kxg6 42. Re6+ Kh7 43. Qe4+ Kg8 44. Re8+ Kf7 45. Qe6# 1-0

[Event "98th Caplin Hastings Masters 2024-25"]
[Site "Hastings"]
[Date "2025.01.02"]
[Round "8.2"]
[White "Balaji, Aaravamudhan"]
[Black "Zhang, Pengxiang"]
[Result "0-1"]
[ECO "E45"]
[WhiteElo "2364"]
[BlackElo "2567"]
[Annotator "TA"]
[PlyCount "50"]
[EventDate "2024.12.23"]
[EventType "swiss"]
[EventCountry "ENG"]
[SourceTitle "playchess.com"]
[Source "ChessBase"]
[SourceQuality "1"]
[TimeControl "5400+30"]

1. d4 Nf6 2. c4 e6 3. Nc3 Bb4 4. e3 b6 5. Nge2 Ba6 6. Ng3 Bxc3+ 7. bxc3 d5 8. Ba3 Bxc4 9. Bxc4 dxc4 10. Qf3 (10. Qa4+ $11 {is superior.} c6 11. e4) 10... Qd5 $1 $15 11. e4 Qa5 12. Bb2 Nbd7 13. O-O O-O 14. Rfd1 c5 {[%emt 0:01:42] Black is more active.} 15. a4 Rac8 {[%emt 0:08:07] aiming for ...cxd4.} 16. e5 (16. Rdc1 $15) 16... Nd5 $17 17. Ne4 (17. Qe2 $17 {keeps fighting.}) 17... cxd4 $19 18. cxd4 c3 $36 {[%emt 0:00:35][%mdl 2048] Keeping White busy.} 19. Ba3 c2 $1 20. Rdc1 {[%emt 0:00:00] [#]} Qxa4 $1 21. Bc5 $2 {[%emt 0:00:00] [#]} (21. Bxf8 $2 Qxa1 (21... Qxd4 22. Bxg7 Kxg7 23. Qg3+ Kf8 24. Qa3+ Nb4 25. Nd6 $19) 22. Rxa1 c1=Q+ (22... c1=R+ $2 23. Qd1 $19) 23. Qd1 Qxd1+ 24. Rxd1 Kxf8 $19 (24... Rxf8 $2 25. Nd6 $19)) (21. Qg4 $17 g6 22. h3 (22. Bxf8 $2 Qxa1 23. Bh6 Qa3 $17)) 21... Qxa1 $3 22. Rxa1 bxc5 23. dxc5 Nxc5 {[%emt 0:01:04] Excellent horsemanship.} ({Less strong is} 23... Nxe5 24. Qb3 $17) 24. Rc1 Nxe4 25. Qxe4 {[%emt 0:00:02] [#]} Nc3 $1 ({Inferior is} 25... f5 26. exf6 Rxf6 (26... Nxf6 27. Qe2 $16) 27. Rxc2 Rxc2 28. Qxc2 $16) 0-1

[Event "98th Caplin Hastings Masters 2024-25"]
[Site "Hastings"]
[Date "2025.01.02"]
[Round "8.3"]
[White "Stefansson, Vignir Vatnar"]
[Black "Gormally, Daniel W"]
[Result "0-1"]
[ECO "B22"]
[WhiteElo "2537"]
[BlackElo "2424"]
[Annotator "TA"]
[PlyCount "54"]
[EventDate "2024.12.23"]
[EventType "swiss"]
[EventCountry "ENG"]
[SourceTitle "playchess.com"]
[Source "ChessBase"]
[SourceQuality "1"]
[TimeControl "5400+30"]

1. e4 c5 2. c3 Nf6 3. e5 Nd5 4. Nf3 d6 5. exd6 e6 6. g3 Bxd6 7. Bg2 O-O 8. d4 Nc6 9. O-O cxd4 10. Nxd4 Nde7 11. Nxc6 Nxc6 12. Nd2 e5 13. Nc4 Bc7 14. Ne3 Be6 15. Qa4 Bb6 16. Nc4 Qd3 17. Ne3 Rad8 18. Bf3 Qg6 {[%emt 0:03:39] Black is much more active. The white rooks are passive.} 19. Re1 ({Better is} 19. Ng2 $15) 19... f5 $17 {[%emt 0:02:50] Strongly threatening ...e4.} 20. Bxc6 $2 (20. Ng2 $17 {was forced.}) 20... bxc6 $19 21. Nc4 $2 {[%emt 0:02:01] [#]} (21. Qc2 Qh5 22. Qe2 Qxe2 23. Rxe2) 21... Bxf2+ $1 22. Kxf2 f4 ({Less strong is} 22... Qg4 23. Rxe5 Bd5 (23... Qxc4 24. Qxc4 Bxc4 25. Bf4 $14) (23... Bxc4 $2 {is the wrong capture.} 24. h3 $18) 24. Ke1 $19 (24. Rxd5 $2 cxd5 25. Be3 dxc4 $19)) 23. gxf4 Qh5 24. Rxe5 Qxh2+ 25. Kf3 Qh3+ 26. Kf2 Qh4+ 27. Kf3 Bg4+ 0-1

[Event "98th Caplin Hastings Masters 2024-25"]
[Site "Hastings"]
[Date "2025.01.02"]
[Round "8.4"]
[White "Waldhausen Gordon, Frederick"]
[Black "Royal, Shreyas"]
[Result "1/2-1/2"]
[ECO "D85"]
[WhiteElo "2355"]
[BlackElo "2522"]
[Annotator "TA"]
[PlyCount "140"]
[EventDate "2024.12.23"]
[EventType "swiss"]
[EventCountry "ENG"]
[SourceTitle "playchess.com"]
[Source "ChessBase"]
[SourceQuality "1"]
[TimeControl "5400+30"]

1. d4 Nf6 2. c4 g6 3. Nc3 d5 4. cxd5 Nxd5 5. e4 Nxc3 6. bxc3 Bg7 7. Nf3 c5 8. h3 Nc6 9. Be3 O-O 10. Be2 cxd4 11. cxd4 Qa5+ 12. Bd2 Qa3 {[%emt 0:00:06] The position is equal.} 13. d5 Ne5 (13... Bxa1 14. Qxa1 Na5 15. Bh6 Qb4+ 16. Nd2 $18) 14. O-O Bd7 15. Nd4 Rfc8 16. Qb3 {[%emt 0:07:10] Repels Nc4} Qxb3 17. axb3 Nd3 18. Bxd3 Bxd4 19. Rac1 e6 20. Bc4 b5 21. dxe6 fxe6 22. Be2 e5 23. Rfd1 Be6 24. b4 Bb3 25. Re1 Bc2 (25... a6 {deserves consideration.}) 26. Bg4 $11 {[%emt 0:06:43] [#] Black must now prevent Be6+.} Rc7 27. Re2 Bb2 28. Be6+ Kg7 29. Rxc2 Rxc2 30. Bh6+ $1 Kxh6 31. Rxc2 {[%emt 0:00:06][%mdl 4096] Endgame. KRB-KRB} Ba3 32. Rc8 {[%emt 0:00:34] Inhibits Bxb4.} Rxc8 33. Bxc8 Bxb4 {[%emt 0:00:01] KB-KB} 34. Ba6 Kg5 35. Bxb5 Kf6 36. Kf1 Ke6 37. Ke2 Kd6 38. Kd3 Kc5 39. Be8 Be1 40. Ke2 Bc3 41. Kd3 Bd4 42. f3 Bg1 43. Bf7 Kd6 44. Be8 a5 45. Kc4 Ke7 46. Bc6 Kf6 47. Kd3 Kg5 48. Be8 Bd4 49. Ke2 Bb6 50. Kd3 Kf4 {[%emt 0:01:47] [#] And now ...Kg3 would win.} 51. Ke2 $1 Ba7 52. Ba4 g5 53. Be8 Bb6 54. Ba4 Kg3 55. Kf1 h5 56. Be8 g4 57. hxg4 hxg4 58. Ke2 Bd8 59. fxg4 Kxg4 60. Kd3 Kg3 61. Kc4 Kxg2 62. Kb5 Kf3 63. Bc6 Ke3 64. Ka4 Kd4 65. Bd5 Kc5 66. Ba8 Bb6 67. Bd5 Bc7 68. Ba8 Kc4 69. Bd5+ Kc5 70. Ba8 Kc4 {[%emt 0:31:43] Weighted Error Value: White=0.05 (flawless) /Black=0.03 (flawless) .  Mistake:       	---       	Black=1      Inaccurate:     	White=1     	Black=3      OK:         	White=26    	Black=28     Best:        	---       	Black=2      Strong:       	White=2     	---} 1/2-1/2

[Event "98th Caplin Hastings Masters 2024-25"]
[Site "Hastings"]
[Date "2025.01.02"]
[Round "8.5"]
[White "Seo, Jung Min"]
[Black "Grutter, Tim"]
[Result "1/2-1/2"]
[ECO "E71"]
[WhiteElo "2491"]
[BlackElo "2379"]
[Annotator "TA"]
[PlyCount "43"]
[EventDate "2024.12.23"]
[EventType "swiss"]
[EventCountry "ENG"]
[SourceTitle "playchess.com"]
[Source "ChessBase"]
[SourceQuality "1"]
[TimeControl "5400+30"]

1. d4 Nf6 2. c4 g6 3. Nc3 Bg7 4. e4 d6 5. h3 Nc6 6. Nge2 e5 7. d5 Nd4 8. Be3 {[%emt 0:02:56] White is slightly better.} O-O $1 9. f3 c5 10. dxc6 Nxc6 11. g4 Be6 12. b3 Qa5 13. Bg2 (13. Qxd6 $2 {too greedy.} Nb4 14. Qd1 Rfd8 $19) 13... a6 14. O-O (14. Qxd6 Nd4 15. b4 Nc2+ 16. Kf2 Qd8 (16... Nxb4 17. Rhb1 $11) (16... Qa3 17. Bc1 $11) 17. Qxd8 Rfxd8 $15) 14... b5 15. Nd5 bxc4 16. bxc4 Rab8 17. Kh1 Qa3 18. Bc1 {[%emt 0:00:30] The position is equal.} Qa5 19. Bd2 Qa3 20. Bc1 Qa5 21. Bd2 Qa3 22. Bc1 {[%emt 0:00:00] Weighted Error Value: White=0.08 (flawless) /Black=0.07 (flawless) .  Inaccurate:     	White=1     	Black=2      OK:         	White=7     	Black=6      Best:        	---       	Black=1      Strong:       	---       	Black=1} 1/2-1/2

[Event "98th Caplin Hastings Masters 2024-25"]
[Site "Hastings"]
[Date "2025.01.02"]
[Round "8.6"]
[White "Kaasen, Tor Fredrik"]
[Black "Lux, Hugo de Melo"]
[Result "1/2-1/2"]
[ECO "B51"]
[WhiteElo "2473"]
[BlackElo "2327"]
[Annotator "TA"]
[PlyCount "75"]
[EventDate "2024.12.23"]
[EventType "swiss"]
[EventCountry "ENG"]
[SourceTitle "playchess.com"]
[Source "ChessBase"]
[SourceQuality "1"]
[TimeControl "5400+30"]

1. e4 c5 2. Nf3 Nc6 3. Bb5 d6 4. O-O Bd7 5. Re1 a6 6. Bf1 e5 7. c3 Be7 8. h3 g5 9. d4 h5 10. d5 Na7 $1 11. Nh2 g4 12. hxg4 hxg4 13. g3 (13. Nxg4 Bg5 14. Ne3 Bxe3 15. Rxe3 (15. Bxe3 Qh4 $15) 15... Qh4 $11) 13... Nf6 14. b4 (14. a4 $16) 14... cxb4 $11 15. c4 (15. cxb4 $11 Kf8 16. Nd2) 15... b5 16. a3 $1 bxc4 17. axb4 Nb5 18. Bxc4 (18. Na3 $15) 18... Kf8 $17 19. Na3 (19. Bxb5 $142 axb5 20. Rxa8 Qxa8 21. Qe2) 19... Rc8 {[%emt 0:08:46] and ...Nxa3 would now be decisive} 20. Bd3 $2 (20. Bf1 $17) 20... Rc3 $2 (20... Nc3 $19 21. Qd2 Rh5) 21. Bb2 Rxd3 22. Qxd3 Nxa3 23. Rxa3 Bb5 24. Qe3 Rh5 25. Kg2 Kg7 26. Rh1 Qh8 27. Raa1 Qh7 28. Rae1 Rh3 (28... Qg6 $11) 29. Bc1 Kf8 30. Bd2 Bd8 31. Bc1 Bc4 32. f3 $2 {[%emt 0:01:49][%mdl 8192] [#]} (32. Bd2 $11 {and White stays safe.}) 32... Rxg3+ $3 33. Kxg3 $11 Qh3+ $1 34. Kf2 Qh4+ 35. Kg2 Qh3+ 36. Kf2 {[%emt 0:00:06] Strongly threatening Qh6+.} Qh4+ 37. Kg2 Qh3+ 38. Kf2 1/2-1/2

[Event "98th Caplin Hastings Masters 2024-25"]
[Site "Hastings"]
[Date "2025.01.02"]
[Round "8.7"]
[White "Bazakutsa, Svyatoslav"]
[Black "Nielsen, Andre"]
[Result "1-0"]
[ECO "E44"]
[WhiteElo "2484"]
[BlackElo "2276"]
[Annotator "TA"]
[PlyCount "159"]
[EventDate "2024.12.23"]
[EventType "swiss"]
[EventCountry "ENG"]
[SourceTitle "playchess.com"]
[Source "ChessBase"]
[SourceQuality "1"]
[TimeControl "5400+30"]

1. d4 Nf6 2. c4 e6 3. Nc3 Bb4 4. e3 b6 5. Nge2 Ne4 6. Qc2 Bb7 7. a3 Bxc3+ 8. Nxc3 Nxc3 9. Qxc3 O-O 10. h4 d5 11. b3 Nd7 12. Bb2 {[%emt 0:04:18] The position is equal.} f5 (12... dxc4 {feels hotter.} 13. d5 f6 14. dxe6 Ne5) 13. O-O-O a5 14. a4 Rf7 15. f3 Qe7 16. Kb1 Nb8 17. Rc1 c6 18. Bd3 Na6 19. c5 bxc5 20. Bxa6 (20. Qxa5 Nb4 21. Qxc5 Qxc5 (21... Nxd3 $2 22. Qxe7 Rxe7 23. Rc3 $19) 22. Rxc5 Nxd3 $15) 20... cxd4 21. exd4 {[%emt 0:01:02] Bxb7 would now be deadly.} Rxa6 22. Ka2 Bc8 23. Ba3 Qc7 24. Qe3 {[%emt 0:06:05][%mdl 1024] White has compensation.} Bd7 25. Rhe1 Qg3 26. h5 Rf6 27. Qd2 Qc7 28. Re5 Ra8 {[%emt 0:00:50] Black is weak on the dark squares} 29. Be7 Rf7 30. Bc5 h6 31. g4 {[%emt 0:01:07] Black must now prevent g5.} Qd8 32. Rg1 {[%emt 0:02:10] And now gxf5 would win.} fxg4 33. fxg4 Qf6 34. g5 {[%emt 0:00:51] White is much more active.} Qf2 35. Qxf2 Rxf2+ 36. Ka1 (36. Ka3 $16 Kf7 37. g6+ Kf6 38. Bd6) 36... Kh8 $14 37. Re3 hxg5 38. Reg3 Rf5 39. Bd6 Kh7 40. Rxg5 Rxg5 41. Rxg5 $11 {[%emt 0:00:02][%mdl 4096] Endgame. KRB-KRB} Be8 42. Kb2 Ra7 43. Re5 Bf7 44. Ka3 Kh6 45. b4 axb4+ 46. Bxb4 (46. Kxb4 Bxh5 47. Rxe6+ Kg5) 46... Bxh5 47. Bd2+ $1 (47. Rxe6+ $6 Kh7 $11) 47... g5 48. Rxg5 (48. Bxg5+ $6 Kg6 $11) 48... Bg6 49. Rxd5+ Kg7 50. Rd6 Kf6 51. Bc3 {[%emt 0:01:42] d5+ is the strong threat.} Ke7 52. Bb4 Be8 53. Bc5 {[%emt 0:00:33] Hoping for Rd5+.} (53. Rxc6+ Kd8 54. Rd6+ (54. Rxe6 Rxa4+ 55. Kb3 Ra1 $11) 54... Kc7 $11) 53... Ra8 54. Kb4 (54. Rxc6+ Kf6 55. Rc7 Bxa4 $15) (54. Rd5+ $16 Kf6 55. Rd6) 54... Bd7 {[%emt 0:00:21] [#]} (54... Rb8+ $11 {remains equal.} 55. Ka3 Bd7) 55. a5 (55. Rxc6+ $6 Kd8 56. Rd6 Rxa4+ 57. Kc3 Kc7 $11) ({White should play} 55. Rd5+ $1 $16 Kd8 56. Rg5) 55... Kd8 56. Bb6+ Kc8 (56... Ke7 $11 57. Bc5 Kd8) 57. Kc5 $14 Ra6 58. Kb4 Ra8 59. Kc3 Be8 {[%emt 0:00:48] Loses the game.} ({Better is} 59... Rb8 $14) 60. Rxe6 $18 Kd7 (60... Kb7 61. Rh6 Ka6) 61. Rh6 Bf7 62. Rh7 Ke6 63. Kc4 {[%emt 0:00:28] aiming for Kc5.} Bg8 64. Rh6+ Kd7+ 65. Kc5 Rf8 66. Rd6+ (66. Rxc6 $2 {perishes.} Rf5+ 67. d5 Rxd5+ 68. Kc4 Kxc6 $19) 66... Kc8 67. Kxc6 ({But not} 67. Rxc6+ Kb8 68. a6 Rf5+ 69. Kb4 Rf8 $18) 67... Kb8 (67... Bb3 $142 68. a6 Kb8) 68. Rd7 {[%emt 0:00:26] d5 would kill now.} Rf6+ 69. Kc5 {[%emt 0:00:09] Intending Rd8+ and mate.} Rf5+ {[%emt 0:00:09] [#]} 70. Kb4 $1 {[%emt 0:00:01] White wants to mate with a6.} Rf8 71. d5 {[%emt 0:01:22] Against Be6} Kc8 72. Rd6 (72. Rc7+ $142 Kb8 73. d6 Be6 74. a6 Rf4+ 75. Kb5 Rf5+ 76. Bc5 Rf8 77. Re7) 72... Kb7 73. Kb5 Kb8 74. Rd7 {[%emt 0:00:25] White threatens Ka6 and mate.} Bf7 75. Ka6 Bxd5 76. Rxd5 Ka8 77. Rd7 Rc8 78. Ra7+ Kb8 79. Rb7+ Ka8 80. Bc7 {[%emt 0:00:10] Weighted Error Value: White=0.12 (very precise) /Black=0.18 (very precise) .  Mistake:       	White=3     	Black=5      Inaccurate:     	White=4     	Black=7      OK:         	White=26    	Black=25     Best:        	White=5     	Black=9      Strong:       	White=2     	---} 1-0

[Event "98th Caplin Hastings Masters 2024-25"]
[Site "Hastings"]
[Date "2025.01.02"]
[Round "8.8"]
[White "Gasanov, Eldar"]
[Black "Bozinakis, Pavlos"]
[Result "1-0"]
[ECO "E57"]
[WhiteElo "2476"]
[BlackElo "2271"]
[Annotator "TA"]
[PlyCount "69"]
[EventDate "2024.12.23"]
[EventType "swiss"]
[EventCountry "ENG"]
[SourceTitle "playchess.com"]
[Source "ChessBase"]
[SourceQuality "1"]
[TimeControl "5400+30"]

1. d4 Nf6 2. c4 e6 3. Nc3 d5 4. Bg5 Be7 5. Nf3 h6 6. Bh4 dxc4 7. e3 c5 8. Bxc4 cxd4 9. exd4 O-O 10. O-O Nc6 11. Re1 b6 12. a3 Bb7 13. Ba2 Nh5 14. Re4 Bxh4 15. Rxh4 (15. Nxh4 $5 Nf6 16. Rxe6 $14) 15... Nf6 16. Rc1 Ne7 17. Bb1 Rc8 18. Ne5 Re8 19. Rh3 Nf5 20. Rd3 Ne4 21. Qh5 g6 22. Qh3 Qg5 (22... Nxd4 23. Re1 $16 (23. Qxh6 Nxc3 24. bxc3 Ne2+ 25. Kf1 Qf6 $16)) 23. Re1 Nxc3 (23... Qf4 {looks sharper.} 24. Nxe4 Bxe4 25. g3 Qg5) 24. bxc3 Rc7 25. Nf3 Qf4 $2 {[%emt 0:01:53] [#]} (25... Qf6 $17 26. g4 Nd6) 26. d5 $2 ({Only move:} 26. g3 $1 $16 Qd6 27. g4) 26... Rce7 (26... Bxd5 $2 27. Rxd5 Rb8 28. Rd3 $18) (26... h5 $15 27. Ba2 Rd8) 27. g3 (27. d6 $1 $11 Rd7 (27... Nxd6 $2 28. Rd4 $18) 28. g3) 27... Qa4 (27... exd5 $17 28. gxf4 Rxe1+ 29. Nxe1 Rxe1+ 30. Qf1 Rxf1+ 31. Kxf1 Ba6) 28. d6 $11 Nxd6 29. Qxh6 (29. Rxd6 $11 {remains equal.} Bxf3 30. Qxh6) 29... Nf5 $17 (29... Qxa3 $2 30. Ng5 Rc7 31. Red1 $18 (31. Qh7+ Kf8 $18)) 30. Qg5 {[%emt 0:00:24] [#]} Rd7 (30... Qxa3 31. g4 Kg7 32. Ne5 $16 (32. gxf5 exf5 33. Rf1 Re4 $16)) ({Black should try} 30... e5 $1 $17 31. Rd2 Bxf3 32. Bxf5 e4 (32... Qxa3 $2 33. Bxg6 fxg6 34. Qxg6+ Kh8 35. Qf6+ Kg8 36. Qxf3 $18)) 31. Ne5 $1 $11 Rxd3 32. Bxd3 $40 {[%emt 0:00:02][%mdl 128] Threatens to win with Qf6. White attacks.} Qxa3 (32... Qa5 $1 $11) 33. Nxg6 $1 $16 {[%emt 0:02:07] White is more active.} Qxc3 $2 (33... fxg6 $16 {is tougher.} 34. Bxf5 (34. Qxg6+ Ng7 $11) 34... Qxc3 35. Qxg6+ Kf8 36. Qh6+ (36. Rxe6 $2 {leads to mate.} Qc1+) 36... Qg7) 34. Ne5+ $18 Kf8 (34... Ng7 $18 35. Rc1 Qa3) 35. Nd7# 1-0

[Event "98th Caplin Hastings Masters 2024-25"]
[Site "Hastings"]
[Date "2025.01.02"]
[Round "8.9"]
[White "Bin-Suhayl, Ieysaa"]
[Black "Kovchan, Alexander"]
[Result "1/2-1/2"]
[ECO "D85"]
[WhiteElo "2183"]
[BlackElo "2455"]
[Annotator "TA"]
[PlyCount "100"]
[EventDate "2024.12.23"]
[EventType "swiss"]
[EventCountry "ENG"]
[SourceTitle "playchess.com"]
[Source "ChessBase"]
[SourceQuality "1"]
[TimeControl "5400+30"]

1. d4 Nf6 2. c4 g6 3. Nc3 d5 4. cxd5 Nxd5 5. e4 Nxc3 6. bxc3 Bg7 7. Nf3 c5 8. Be3 O-O 9. Be2 Qa5 10. O-O Qxc3 11. Rc1 Qa3 12. Rxc5 {[%emt 0:00:08] White is slightly better.} (12. dxc5 Qxa2 13. Bc4 Qa5 $11) 12... Na6 13. Bc1 (13. Rc1 $16) 13... Qxa2 $11 14. Bc4 Qb1 15. Rb5 Qxe4 16. Re1 Qc6 17. Qb3 Nc7 18. Rc5 Qd7 19. Ba3 e6 (19... Bxd4 $2 20. Nxd4 e6 21. Qc3 $18) 20. Ne5 ({White should play} 20. d5 $1 $11) 20... Qxd4 $2 (20... Qd8 $15) 21. Rd1 $16 Qe4 22. Bd3 Qf4 23. g3 Qf6 {[%emt 0:01:35] ...Nd5 is the strong threat.} 24. Ng4 $1 {[%emt 0:00:16] White is much more active. The black rooks are passive.} Qd8 {[%emt 0:05:38] [#]} 25. Bxg6 $1 Nd5 26. Bb1 {[%emt 0:00:15][%cal Rd1d5] Strongly threatening Rdxd5.} b6 {[%emt 0:01:07] [#]} 27. Qc2 f5 $14 {[%emt 0:00:15] [#]} 28. Rcxd5 exd5 29. Bxf8 Qxf8 30. Qc6 $36 {[%emt 0:02:28][%mdl 2048] Wards off Be6. White is pushing.} Rb8 31. Qxd5+ Kh8 32. Ne5 {[%emt 0:01:21][%cal Bg4e5,Be5d3,Bd3f4][%mdl 1056] White has compensation.} Rb7 {[%emt 0:00:35] Against Nf7+. Black is weak on the light squares} (32... Bb7 $1 $11 33. Nf7+ (33. Qe6 Re8 $14) 33... Kg8 34. Nh6+ Kh8 35. Nf7+ Kg8 36. Nh6+ Kh8 37. Nf7+) 33. Ba2 $16 Bf6 34. Rc1 Kg7 {[%emt 0:01:42] [#] Prevents Nf7.} 35. Nd3 $1 {[%emt 0:02:59] Threatens to win with Qc6.} Bg5 {[%emt 0:03:17] [#]} (35... Kh8 $16 {was necessary.}) 36. Qe5+ $2 (36. Rc6 $1 $18 Re7 37. h4) 36... Bf6 $14 37. Rc7+ Rxc7 38. Qxc7+ Kh6 39. Nf4 Qc5 40. Qf7 Qe7 {[%emt 0:00:13] The position is equal.} 41. Qh5+ Kg7 42. Qd1 {[%emt 0:00:23] Prevents Qe1+} Be5 43. Qc1 Bxf4 44. Qxc8 $11 {[%emt 0:00:18][%mdl 4096] Endgame. KQB-KQB} Qe1+ 45. Kg2 {[%emt 0:00:02] aiming for Qg8+.} Qe4+ 46. Kh3 {[%emt 0:00:36] Black must now prevent Qg8+.} Bd6 47. Qg8+ Kh6 48. f4 Be7 {[%emt 0:00:21] Wards off Qg5+} 49. Qf7 Qe2 50. Bc4 $1 Qh5+ {[%emt 0:01:04] Weighted Error Value: White=0.18 (very precise) /Black=0.21 (precise) .  Missed win:     	White=1     	---        Mistake:       	White=3     	Black=3      Inaccurate:     	White=4     	Black=1      OK:         	White=13    	Black=15     Best:        	White=6     	Black=11     Strong:       	White=3     	---        Brilliant:      	White=2     	---} 1/2-1/2

[Event "98th Caplin Hastings Masters 2024-25"]
[Site "Hastings"]
[Date "2025.01.02"]
[Round "8.10"]
[White "Vestby-Ellingsen, Mads"]
[Black "Gu In-Jung"]
[Result "1-0"]
[ECO "B82"]
[WhiteElo "2383"]
[BlackElo "1987"]
[Annotator "TA"]
[PlyCount "73"]
[EventDate "2024.12.23"]
[EventType "swiss"]
[EventCountry "ENG"]
[SourceTitle "playchess.com"]
[Source "ChessBase"]
[SourceQuality "1"]
[TimeControl "5400+30"]

1. e4 c5 2. Nf3 d6 3. d4 cxd4 4. Nxd4 Nf6 5. Nc3 a6 6. f4 e6 7. Qf3 Qc7 8. Be3 b5 9. a3 Bb7 10. g4 Nc6 (10... d5 $11) 11. g5 $14 Nd7 12. Nxc6 Qxc6 ({Black should try} 12... Bxc6 $14 13. Bd4 Rb8) 13. O-O-O $16 Rc8 14. f5 Ne5 15. Qf4 Nc4 {[%emt 0:02:19] [#]} (15... exf5 $142 16. Bh3 (16. Qxf5 Be7 $14) 16... Rc7) 16. fxe6 $1 fxe6 {[%emt 0:01:19][%cal Oc4b2] White must now prevent ...Nxb2!.} 17. Bxc4 Qxc4 18. Qg4 {[%emt 0:05:09] White is more active.} e5 {[%emt 0:14:29] Dodges Rd4} 19. Kb1 $40 {[%emt 0:00:53][%mdl 128] Threatens to win with g6. White has strong attack.} a5 $2 (19... Be7 $16 {is more resistant.}) 20. Nd5 (20. Rd5 $142) 20... Bxd5 21. Rxd5 Be7 22. Qe6 ({Better is} 22. Rc1 $18) 22... Rc6 $2 (22... Rf8 $16) 23. Rc1 $18 a4 24. g6 h6 {[%emt 0:00:30] Inhibits Bg5.} 25. Qf7+ Kd7 26. Qxg7 Rf8 $2 (26... Qxe4 27. Qxh8 (27. Bxh6 Rxh6 28. Rxb5 Qh4 $16) (27. Rxb5 Rcc8 $18) 27... Qxd5) 27. Qxe5 Rf1 28. Rxf1 (28. Bxh6 $2 Qxc2+ (28... Bf6 $2 29. Rxd6+ Rxd6 30. Qh5 $19) 29. Ka2 Qb3+ (29... Rxc1 $2 30. Bxc1 Qc4+ 31. Kb1 $19) 30. Kb1 Bf6 31. Rxf1 Bxe5 32. Rf7+ Ke6 $19) 28... Qxf1+ 29. Bc1 Qg2 30. Qf5+ (30. Bxh6 Qxc2+ 31. Ka2 b4 32. axb4 (32. Qf5+ Kc7 $11) 32... Qb3+ 33. Kb1 Qc2+ 34. Ka1 a3 $11) 30... Kd8 31. Rd2 ({Weaker is} 31. Bxh6 Qxc2+ 32. Ka1 b4 $16) 31... Qg1 32. Qf7 Rc5 {[%emt 0:03:05] [#]} 33. h4 $1 Bxh4 (33... Kd7 34. g7) 34. Rxd6+ Kc8 35. Qd7+ Kb8 36. Rb6+ Ka8 37. Qb7# 1-0

[Event "98th Caplin Hastings Masters 2024-25"]
[Site "Hastings"]
[Date "2025.01.02"]
[Round "8.11"]
[White "Bilandzic, Ante"]
[Black "Roux, Baptiste"]
[Result "0-1"]
[ECO "A48"]
[WhiteElo "1912"]
[BlackElo "2338"]
[Annotator "TA"]
[PlyCount "58"]
[EventDate "2024.12.23"]
[EventType "swiss"]
[EventCountry "ENG"]
[SourceTitle "playchess.com"]
[Source "ChessBase"]
[SourceQuality "1"]
[TimeControl "5400+30"]

1. d4 Nf6 2. Nf3 g6 3. Bf4 Bg7 4. e3 d6 5. h3 O-O 6. Nbd2 Nc6 7. Be2 Nd7 8. Bg5 Qe8 9. O-O e5 10. c3 h6 11. Bh4 e4 12. Ne1 f5 13. Bc4+ Kh8 14. Qe2 g5 15. Bg3 Nf6 $36 {[%emt 0:05:29][%mdl 2048] Black has the initiative.} 16. Bb3 Ne7 17. Rc1 Ng6 18. c4 (18. Bh2 $142) 18... f4 $17 19. exf4 (19. Bh2 $17) 19... gxf4 $19 20. Bh2 {[%emt 0:00:00] [#]} f3 $1 21. Qe3 Nh4 22. Kh1 Nf5 23. Qf4 (23. Qc3 {was the only defense.}) 23... Nxd4 {[%emt 0:01:11] Strongly threatening ...Ne2.} 24. Bd1 (24. Rd1 $142) 24... Ne2 25. Bxe2 fxe2 26. Rg1 {[%emt 0:00:00] [#]} Ng4 $1 {[%emt 0:00:10][%mdl 512] Dodges Qe3} 27. Qxf8+ (27. hxg4 Rxf4) 27... Qxf8 28. hxg4 Qxf2 29. Nxe4 Qe3 0-1